 Dungeon Crawl Stone Soup version 0.25-a0-316-gd28d56f9c5 (webtiles) character file.

Game seed: 15374639121238341541, levelgen mode: classic

10 Borgoz the Cudgeler (level 2, -1/18 HPs)
             Began as a Gargoyle Gladiator on Dec 25, 2019.
             Slain by a kobold
             ... wielding a +0 whip
              (4 damage)
             ... on level 1 of the Dungeon.
             The game lasted 00:00:19 (304 turns).

Borgoz the Cudgeler (Gargoyle Gladiator)             Turns: 304, Time: 00:00:20

Health: -1/18      AC:  6    Str: 17    XL:     2   Next: 20%
Magic:  2/2        EV: 12    Int:  8    God:
Gold:   28         SH:  0    Dex: 11    Spells: 1/1 levels left

rFire    . . .     SeeInvis .   a - +0 flail
rCold    . . .     Gourm    .   (no shield)
rNeg     + . .     Faith    .   b - +0 leather armour
rPois    ∞         Spirit   .   c - +0 helmet
rElec    +         Reflect  .   (no cloak)
rCorr    .         Harm     .   (no gloves)
MR       .....                  (no boots)
Stlth    +.........             (no amulet)
HPRegen  0.06/turn              (no ring)
MPRegen  0.08/turn              (no ring)

@: no status effects
A: negative energy resistance 1, electricity resistance, unbreathing,
petrification resistance, rot immunity, AC +2
a: no special abilities


You were on level 1 of the Dungeon.
You were not hungry.

You visited 1 branch of the dungeon, and saw 1 of its levels.

You collected 28 gold pieces.

Inventory:

Hand Weapons
 a - a +0 flail (weapon)
Missiles
 d - 3 throwing nets (quivered)
Armour
 b - a +0 leather armour (worn)
 c - a +0 helmet (worn)
Jewellery
 h - a +3 ring of evasion {unknown}
Scrolls
 i - a scroll of teleportation {unknown}
Potions
 e - a potion of berserk rage {unknown}
 g - 3 potions of curing {unknown}
 j - a potion of cancellation {unknown}
Comestibles
 f - a ration


   Skills:
 + Level 2.3 Fighting
 * Level 3.2 Maces & Flails
 - Level 1.7 Throwing
 + Level 0.5 Armour
 * Level 2.6 Dodging


You had one spell level left.
You didn't know any spells.
Your spell library was empty.

Dungeon Overview and Level Annotations

Branches:
Dungeon (1/15)

Altars:


Innate Abilities, Weirdness & Mutations

You are resistant to torment.
Your stone body is resilient. (AC +2)
You are immune to poison.
You resist negative energy. (rN+)
You are resistant to electric shocks. (rElec)
You can survive without breathing.
You are immune to petrification.
You are immune to rotting.


Message History

A leopard gecko comes into view.
The leopard gecko hisses angrily.
The kobold hits you but does no damage. The jackal bites you.
Found a scroll labeled CECAEG IMNU.
You closely miss the kobold.
The jackal bites you but does no damage.
The leopard gecko bites you.
* * * LOW HITPOINT WARNING * * *
The kobold hits you but does no damage.
You hit the kobold but do no damage. The jackal bites you.
* * * LOW HITPOINT WARNING * * *
The leopard gecko misses you. The kobold hits you but does no damage.
The jackal bites you but does no damage.
The leopard gecko barely misses you.
You are too injured to fight recklessly!
You sock the jackal!
You kill the jackal!
The jackal bites you but does no damage.
The kobold hits you with a +0 whip.
You die...

# ## # .? # #. # # .. #
#. ###. # #..#.. ##
####..#l###.###.. ....
.......@K....... #...
##.##.h†....#.. #...
#.......#.# #...
#.......#.# #####...
##.........###.......
...(.........>..###...
#.......#........#.....
......#####......#...##
##.... #.........#.....


You could see a leopard gecko, a jackal and a kobold.

Vanquished Creatures
  A goblin (D:1)
  A jackal (D:1)
  3 kobolds (D:1)
  2 ball pythons (D:1)
  2 bats (D:1)
9 creatures vanquished.

Notes
Turn   | Place    | Note
-------+----------+-------------------------------------------
     0 | D:1      | Borgoz the Gargoyle Gladiator began the quest for the Orb.
     0 | D:1      | Reached XP level 1. HP: 12/12 MP: 1/1
   297 | D:1      | Reached XP level 2. HP: 9/18 MP: 2/2
   304 | D:1      | Slain by a kobold

Levels and vault maps discovered:
D:1:      dpeg_arrival_rooms_with_view, layout_basic, minmay_crystal_room,
          minmay_indecisive_spiral

Action                   || total
-------------------------++-------
Melee: Flail             ||    32
Armor: Leather armour    ||    19
Dodge: Dodged            ||    28

Table legend:
 A = Non-vault XP
 B = Vault XP
 C = Vault XP percentage of total XP
 D = Non-vault monster count
 E = Vault monster count
 F = Vault count percentage of total count
                 A         B        C        D         E       F
            +---------+---------+-------+---------+---------+-------
      Total |       9 |       6 |  40.0 |       5 |       4 |  44.4
            +---------+---------+-------+---------+---------+-------
        D:1 |       9 |       6 |  40.0 |       5 |       4 |  44.4
            +---------+---------+-------+---------+---------+-------
